 Dungeon Sprint DCSS version 0.17-a0-1184-gb75be8f (webtiles) character file.

600 Kidiri the Thaumaturge (level 7, -9/36 HPs)
             Began as a Deep Elf Necromancer on June 1, 2015.
             Mangled by a shadow (15 damage)
             ... in the Dungeon (Sprint III: "The Ten Rune Challenge").
             The game lasted 00:09:18 (1189 turns).

Kidiri the Thaumaturge (Deep Elf Necromancer)       Turns: 1189, Time: 00:09:18

Health: -9/36      AC:  2    Str:  5    XL:     7   Next: 18%
Magic:  26/26      EV: 17    Int: 24    God:
Gold:   18         SH:  0    Dex: 15    Spells: 7 memorised, 8 levels left

rFire  . . .     SeeInvis .     h - +2 long sword (holy)
rCold  . . .     Clarity  .     a - +0 robe
rNeg   . . .     SustAt   .     (no shield)
rPois  +         Gourm    .     (no helmet)
rElec  .         Spirit   .     (no cloak)
rCorr  .         Warding  .     (no gloves)
rMut   .         NoTele   +     (no boots)
MR     .....                    (no amulet)
Stlth  ++++......               (no ring)
                                (no ring)

@: very slightly contaminated, not resistant to hostile enchantments, stealthy
A: blink 1, clever 1, high mp 1, sense surroundings 1, poison resistance,
regeneration 1, screaming 1
a: Blink


You were in the Dungeon.
You were not hungry.

You visited 1 branch You collected 18 gold pieces.

Inventory:

Hand weapons
 h - a +2 long sword of holy wrath (weapon)
Armour
 a - a +0 robe (worn)
Magical devices
 f - a wand of polymorph (9)
Scrolls
 l - a scroll of holy word {unknown}
 m - 2 scrolls of identify {unknown}
 n - a scroll of enchant weapon {unknown}
 r - a scroll of torment {unknown}
 s - a scroll of remove curse {unknown}
Potions
 g - a potion of magic
 p - 4 potions of cure mutation
 q - 2 potions of flight
Books
 b - a book of Necromancy

   Spells                             Type                      Level
   a - Pain                           Necromancy                   1
   b - Animate Skeleton               Necromancy                   1
   c - Vampiric Draining              Necromancy                   3
   d - Regeneration                   Charms/Necromancy            3
   e - Animate Dead                   Necromancy                   4
   f - Control Undead                 Necromancy                   4
 j - a book of Callings

   Spells                             Type                      Level
   a - Summon Small Mammal            Summoning                    1
   b - Call Imp                       Summoning                    2
   c - Call Canine Familiar           Summoning                    3
   d - Summon Guardian Golem          Hexes/Summoning              3
   e - Summon Lightning Spire         Summoning/Air                4
   f - Summon Ice Beast               Ice/Summoning                4
 k - a book of Enchantments

   Spells                             Type                      Level
   a - Cause Fear                     Hexes                        4
   b - Silence                        Hexes/Air                    5
   c - Deflect Missiles               Charms/Air                   6
   d - Haste                          Charms                       6
   e - Discord                        Hexes                        8
Comestibles
 c - a bread ration
 o - 2 royal jellies


   Skills:
 + Level 7.6 Dodging
 + Level 8.1 Stealth
 * Level 11.3 Spellcasting
 + Level 0.0 Hexes
 + Level 6.6 Charms
 * Level 11.3 Necromancy


You had 8 spell levels left.
You knew the following spells:

 Your Spells              Type           Power        Failure   Level  Hunger
a - Pain                  Necr           ####         1%          1    None
b - Animate Skeleton      Necr           N/A          1%          1    None
c - Vampiric Draining     Necr           ######....   1%          3    None
d - Regeneration          Chrm/Necr      ######....   1%          3    None
e - Animate Dead          Necr           N/A          1%          4    None
f - Control Undead        Necr           ######....   1%          4    None
g - Cause Fear            Hex            ##........   54%         4    None


Dungeon Overview and Level Annotations

Branches:
Dungeon (1/1)

Altars:
Cheibriados
Elyvilon
Fedhas
Kikubaaqudgha
Okawaru
Sif Muna
Trog
Vehumet
Yredelemnul
Zin
The Shining One


Innate Abilities, Weirdness & Mutations

You can translocate small distances at will.
Your mind is acute. (Int +2)
You have an increased reservoir of magic (+10% MP).
You passively map a small area around you.
Your system is resistant to poisons.
Your natural rate of healing is unusually fast.
You occasionally shout uncontrollably at your foes.


Message History

* * * LOW HITPOINT WARNING * * *
Unknown command.
Read which item? (? for menu, Esc to quit)
Blink to where?
Press: ? - help, Dir - move target cursor, p - shadow You are very lightly contaminated with residual magic.
As you read the scroll of blinking, it crumbles to dust.
Your kobold zombie misses the shadow.
The shadow slips into darkness.
The shadow flickers and vanishes!
Deactivating autopickup; reactivate with Ctrl-A.
There is a fountain of clear blue water here.
Your kobold zombie is destroyed!
There is an open door to the Ecumenical Temple here.
As you close the door, it creaks loudly!
You start resting.
Something unseen opens the door.
Something is blocking the doorway!
The shadow strikes at you from the darkness!
You die...

▓▓▓▓▓▓▓▓▓▓▓▓ ▓▓▓ **
<.#..'[..♣.♣♣ ♣.############ *
..#..#......♣ ♣♣.#___#__[#__#
* #'####....♣♣♣
♣..#...#..)#._# ,
.....#....≈.♣♣♣..###'#'###'##
,
.....#...≈≈.♣♣...#..........#
.....#..≈≈≈≈♣♣..@'.⌠.......§#,
####'#..≈≈≈≈≈≈.♣.#...######)#
* .....#.≈≈≈≈≈≈....#.⌠.# #..J#
.....#.≈≈≈≈≈.....#...# _#...#
,, Z....#.≈≈≈.......#'###
#...#* *
'#####...........#.).# #..%+*
,* .................#___#
+...# , ▓▓▓▓▓▓▓▓▓▓▓▓▓▓▓▓▓▓▓▓▓▓
▓▓▓▓▓ * * , , ,


There were no monsters in sight!

Vanquished Creatures
  A deep elf priest (D)
  A necrophage (D)
  A water elemental (D)
  A wizard (D)
  Jessica (D)
  3 humans (D)
  A kobold demonologist (D)
  An ooze (D)
  A phantom (D)
  2 rats (D)
13 creatures vanquished.

Vanquished Creatures (collateral kills)
  A necromancer (D)
1 creature vanquished.

Vanquished Creatures (others)
  2 draconian scorchers (D)
  A yaktaur (D)
  A plant (D)
4 creatures vanquished.

Grand Total: 18 creatures vanquished

Notes
Turn   | Place    | Note
--------------------------------------------------------------
     0 | D        | Kidiri the Deep Elf Necromancer began the quest for the Orb.
     0 | D        | Reached XP level 1. HP: 10/10 MP: 6/6
     5 | D        | Learned a level 1 spell: Animate Skeleton
    10 | D        | Reached skill level 5 in Necromancy
   120 | D        | Killed a yaktaur
   238 | D        | Killed a white draconian scorcher
   362 | D        | Noticed Jessica
   365 | D        | Killed Jessica
   365 | D        | Reached skill level 5 in Spellcasting
   365 | D        | Reached skill level 6 in Necromancy
   365 | D        | Reached XP level 2. HP: 7/15 MP: 6/10
   365 | D        | Reached XP level 3. HP: 8/19 MP: 6/11
   371 | D        | Killed a white draconian scorcher
   385 | D        | Learned a level 3 spell: Vampiric Draining
   389 | D        | Learned a level 3 spell: Regeneration
   443 | D        | Gained mutation: Potions and wands are less effective at restoring your health. [potion of mutation]
   443 | D        | Gained mutation: You have an increased reservoir of magic (+10% MP). [potion of mutation]
   443 | D        | Gained mutation: Your mind is acute. (Int +2) [potion of mutation]
   444 | D        | Gained mutation: You can translocate small distances at will. [potion of mutation]
   444 | D        | Gained mutation: Your system is resistant to poisons. [potion of mutation]
   444 | D        | Your ally Jessica died
   445 | D        | Lost mutation: Potions and wands are less effective at restoring your health. [potion of mutation]
   445 | D        | Gained mutation: You are frail (-10% HP). [potion of mutation]
   445 | D        | Gained mutation: You have a pair of small horns on your head. [potion of mutation]
   446 | D        | Lost mutation: You have a pair of small horns on your head. [potion of mutation]
   446 | D        | Lost mutation: You are frail (-10% HP). [potion of mutation]
   446 | D        | Gained mutation: You occasionally shout uncontrollably at your foes. [potion of mutation]
   447 | D        | Gained mutation: Your natural rate of healing is unusually fast. [potion of mutation]
   447 | D        | Gained mutation: You passively map a small area around you. [potion of mutation]
   616 | D        | Reached skill level 7 in Necromancy
   729 | D        | Noticed a water elemental
   739 | D        | Killed a water elemental
   739 | D        | Reached skill level 5 in Stealth
   739 | D        | Reached skill level 8 in Necromancy
   739 | D        | Reached XP level 4. HP: 3/24 MP: 13/16
   823 | D        | Learned a level 4 spell: Animate Dead
   828 | D        | Learned a level 4 spell: Control Undead
   839 | D        | Found a basalt altar of Yredelemnul.
   839 | D        | Found a snail-covered altar of Cheibriados.
   839 | D        | Found a blossoming altar of Fedhas.
   839 | D        | Noticed a necrophage
   839 | D        | Noticed a necromancer
   846 | D        | Killed a necromancer
   846 | D        | Reached skill level 5 in Dodging
   860 | D        | Found a glowing silver altar of Zin.
   862 | D        | Found a glowing golden altar of the Shining One.
   862 | D        | Found a white marble altar of Elyvilon.
   863 | D        | Noticed a deep elf priest
   875 | D        | a necrophage (ally) was killed
   881 | D        | Killed a deep elf priest
   881 | D        | Reached skill level 9 in Spellcasting
   881 | D        | Reached XP level 5. HP: 18/28 MP: 1/20
   881 | D        | Reached XP level 6. HP: 20/32 MP: 1/22
  1023 | D        | Found an iron altar of Okawaru.
  1023 | D        | Found a bloodstained altar of Trog.
  1023 | D        | Noticed a human
  1024 | D        | Noticed a human
  1040 | D        | Killed a human
  1040 | D        | Reached skill level 10 in Spellcasting
  1040 | D        | Reached skill level 5 in Charms
  1040 | D        | Reached skill level 10 in Necromancy
  1046 | D        | Killed a human
  1046 | D        | Reached skill level 11 in Spellcasting
  1046 | D        | Reached XP level 7. HP: 32/36 MP: 13/25
  1119 | D        | Found a radiant altar of Vehumet.
  1119 | D        | Found a deep blue altar of Sif Muna.
  1119 | D        | Found an ancient bone altar of Kikubaaqudgha.
  1119 | D        | Noticed a wizard
  1122 | D        | Killed a wizard
  1160 | D        | Learned a level 4 spell: Cause Fear
  1166 | D        | Noticed a jelly
  1167 | D        | Noticed a shadow
  1189 | D        | Mangled by a shadow

Vault maps used:
D:        dungeon_sprint_mu

Action                   |  1- 3 |  4- 6 |  7- 9 || total
-------------------------+-------+-------+-------++-------
Melee: Unarmed           |    40 |       |       ||    40
       Long sword        |       |     2 |     8 ||    10
 Cast: Pain              |    16 |    12 |     3 ||    31
       Animate Skeleton  |     4 |       |       ||     4
       Vampiric Draining |     2 |     8 |       ||    10
       Regeneration      |     1 |     3 |       ||     4
       Control Undead    |       |     2 |       ||     2
       Animate Dead      |       |       |     1 ||     1
  Use: Potion            |     8 |     1 |     2 ||    11
       Scroll            |       |       |     1 ||     1
 Stab: Sleeping          |       |       |     1 ||     1
  Eat: Chunk             |       |     1 |       ||     1
       Bread ration      |       |     1 |       ||     1
